 Dungeon Sprint DCSS version 0.26-a0-710-g95a0c6c400 (webtiles) character file.

Game seed: 10228142396379552001

40890 mhtbhm the Bludgeoner (level 13, -5/150 HPs)
             Began as a Troll Fighter on Oct 30, 2020.
             Was the Champion of Trog.
             Killed from afar by an ice dragon (54 damage)
             ... with a blast of cold
             ... in the Dungeon (Sprint IX: "|||||||||||||||||||||||||||||").
             The game lasted 00:07:55 (2818 turns).

mhtbhm the Bludgeoner (Troll Fighter)               Turns: 2818, Time: 00:07:55

Health: -5/150     AC: 18    Str: 31    XL:     13   Next: 77%
Magic:  12/12      EV: 11    Int:  2    God:    Trog [******]
Gold:   12         SH: 18    Dex:  9    Spells: 12/12 levels left

rFire    . . .     SeeInvis +   a - +6 demon whip (flame)
rCold    . . .     Faith    .   c - +0 kite shield
rNeg     . . .     Spirit   .   b - +0 shadow dragon scales
rPois    .         Reflect  +   (helmet restricted)
rElec    .         Harm     .   m - +0 cloak {rCorr}
rCorr    +         Rampage  .   (gloves unavailable)
MR       .....     NoTele   +   (boots unavailable)
Stlth    +++.......             v - amulet of reflection
HPRegen  0.75/turn              w - +4 ring of slaying
MPRegen  0.13/turn              C - ring of see invisible

@: no status effects
A: large, unfitting armour, claws 3, talons 1, deterioration 1, dopey 1,
regeneration 1, shaggy fur 1, tough skin 3, MP-powered wands
a: Berserk, Trog's Hand, Brothers in Arms, Renounce Religion


You were in the Dungeon.
You worshipped Trog.
Trog was exalted by your worship.
You visited 1 branch You collected 1870 gold pieces.
You spent 1858 gold pieces at shops.

Inventory:

Hand Weapons
 a - a +6 demon whip of flaming (weapon)
 B - a +4 antimagic morningstar
Missiles
 p - 13 large rocks (quivered)
 y - 6 curare-tipped darts
 z - 2 throwing nets
Armour
 b - +0 shadow dragon scales (worn)
 c - a +0 kite shield (worn)
 m - a +0 cloak of preservation (worn)
Jewellery
 v - an amulet of reflection (around neck)
 w - a +4 ring of slaying (left claw)
 A - an uncursed ring of protection from cold
 C - a ring of see invisible (right claw)
Wands
 l - a wand of iceblast (10)
 n - a wand of random effects (14)
Scrolls
 j - 3 scrolls of blinking
 k - 3 scrolls of remove curse
 r - 4 scrolls of fog
 s - 6 scrolls of identify
 u - a scroll of enchant armour
 x - 4 scrolls of enchant weapon
Potions
 d - 3 potions of might
 e - 7 potions of curing
 f - 7 potions of heal wounds
 g - a potion of haste
 h - 5 potions of magic
 i - a potion of invisibility
 o - 3 potions of berserk rage
 q - 2 potions of stabbing
Miscellaneous
 t - a condenser vane (2/2)


   Skills:
 + Level 15.5 Fighting
 + Level 18.1 Maces & Flails
 + Level 10.4 Throwing
 + Level 6.4 Armour
 + Level 12.1 Dodging
 + Level 3.8 Stealth
 + Level 14.0 Shields
 + Level 3.5 Evocations


You had 12 spell levels left.
You didn't know any spells.
Your spell library was empty.

Dungeon Overview and Level Annotations

Branches:
Dungeon (1/1)

Altars:
Cheibriados
Dithmenos
Elyvilon
Fedhas
Gozag
Hepliaklqana
Kikubaaqudgha
Makhleb
Nemelex Xobeh
Okawaru
Qazlal
Ru
Sif Muna
Trog
Uskayaw
Vehumet
Wu Jian
Xom
Yredelemnul
Zin
The Shining One
Beogh
Jiyva
Lugonu

Shops:
D !=}*


Innate Abilities, Weirdness & Mutations

You are too large for most types of armour.
You have claws for hands.
Your natural rate of healing is unusually fast.
You are covered in fur. (AC +1)
You have extremely tough skin. (AC +3)
You have sharp toenails.
Your body sometimes deteriorates upon taking damage.
You are dopey. (Int -2)
You expend magic power (3 MP) to strengthen your wands.


Message History

The javelin pierces through the fire dragon!!!
You kill the fire dragon!
Trog accepts your kill.
The javelin pierces through the spriggan berserker!
You kill the spriggan berserker!
Trog accepts your kill.
Your Shields skill increases to level 14!
The javelin pierces through the ice dragon!!
The ice dragon is heavily wounded.
The javelin pierces through the ice dragon but does no damage.
Unknown command.
Throwing (i - inventory. (/) - cycle)
p - 14 large rocks (quivered)
Press: ? - help, Shift-Dir - straight line, f - ice dragon
Aim: an ice dragon (poison gas, heavily wounded)
You throw a large rock. The large rock hits the ice dragon!!
The ice dragon is almost dead.
A yaktaur comes into view.
The ice dragon breathes frost at you. The blast of cold hits you!!!
You die...

▓.▓.▓.▓[▓.▓.▓.▓.
▓c▓.▓.▓.▓.▓.▓.▓.▓.
▓§▓.▓)▓.▓)▓.▓.▓.▓.
▓D▓.▓†▓.▓)▓.▓.▓.▓÷
▓D▓.▓)▓.▓)▓)▓.▓.▓.
▓§▓.▓.▓.▓)▓.▓(▓.▓.
▓§▓.▓)▓.▓)▓.▓)▓.▓.
▓§▓.▓†▓.▓)▓.▓)▓.▓.
▓@▓.▓†▓.▓)▓.▓)▓.▓.
▓.▓.▓)▓.▓)▓.▓)▓.▓.
▓.▓.▓.▓.▓.▓.▓)▓.▓[
▓.▓.▓.▓.▓=▓.▓'▓.▓(
▓.▓.▓.▓.▓.▓.▓.▓.▓.
▓.▓.▓.▓.▓.▓.▓.▓.▓.
▓.▓.▓.▓.▓.▓)▓.▓.▓.
▓.▓.▓.▓.▓'▓.▓.▓.▓.
▓.▓.▓.▓.▓.▓.▓.▓.▓.


You could see 2 ice dragons and a yaktaur (wandering).

Vanquished Creatures
  2 thorn hunters (D)
  An emperor scorpion (D)
  2 stone giants (D)
  A vampire knight (D)
  A very ugly thing (D)
  A spark wasp (D)
  Snorg (D)
  An ettin (D)
  2 fire dragons (D)
  An ice dragon (D)
  Harold (D)
  2 naga warriors (D)
  A ghost crab (D)
  Erica (D)
  An anaconda (D)
  A tengu warrior (D)
  3 two-headed ogres (D)
  2 ogre magi (D)
  A deep troll earth mage (D)
  Urug (D)
  A shock serpent (D)
  A spriggan berserker (D)
  Sonja (D)
  2 sea snakes (D)
  A wizard (D)
  3 lindwurms (D)
  3 orc knights (D)
  An orb spider (D)
  An ugly thing (D)
  A manticore (D)
  2 cyclopes (D)
  2 naga magi (D)
  A moth of wrath (D)
  Maurice (D)
  3 black mambas (D)
  A cane toad (D)
  A kobold demonologist (D)
  A yaktaur (D)
  3 komodo dragons (D)
  5 tyrant leeches (D)
  A jumping spider (D)
  3 snapping turtles (D)
  2 blink frogs (D)
  2 merfolk (D)
  2 slime creatures (D)
  A shadow (D)
  2 tarantellas (D)
  A redback (D)
  4 yaks (D)
  Eustachio (D)
  A basilisk (D)
  A naga (D)
  2 water moccasins (D)
  A swamp drake (D)
  9 orc warriors (D)
  An ice beast (D)
  3 ogres (D)
  A centaur (D)
  A wolf (D)
  A big kobold (D)
  A bullfrog (D)
  A killer bee (D)
  A wight (D)
  A hound (D)
  2 orc priests (D)
  3 jellies (D)
  3 orc wizards (D)
  An iguana (D)
  2 worker ants (D)
  An ufetubus (D)
  An adder skeleton (D)
  2 worms (D)
  9 orcs (D)
  A bat skeleton (D)
  2 kobolds (D)
  A ball python (D)
  2 bats (D)
  A bat simulacrum (D)
  A leopard gecko zombie (D)
138 creatures vanquished.

Vanquished Creatures (collateral kills)
  2 two-headed ogres (D)
  An ogre mage (D)
  A cane toad (D)
  A redback (D)
  A wyvern (D)
  A yak (D)
  A water moccasin (D)
  3 ogres (D)
  A wolf (D)
12 creatures vanquished.

Grand Total: 150 creatures vanquished

Notes
Turn   | Place    | Note
-------+----------+-------------------------------------------
     0 | D        | mhtbhm the Troll Fighter began the quest for the Orb.
     0 | D        | Reached XP level 1. HP: 22/22 MP: 0/0
    22 | D        | Reached skill level 2 in Maces & Flails
   128 | D        | Noticed an iguana
   128 | D        | Noticed a jelly
   128 | D        | Noticed a worker ant
   131 | D        | Reached XP level 2. HP: 31/31 MP: 1/1
   134 | D        | Reached XP level 3. HP: 37/37 MP: 2/2
   140 | D        | Reached skill level 3 in Maces & Flails
   140 | D        | Reached XP level 4. HP: 48/48 MP: 3/3
   152 | D        | Found a roughly hewn altar of Beogh.
   152 | D        | Found a snail-covered altar of Cheibriados.
   152 | D        | Found a shadowy altar of Dithmenos.
   152 | D        | Found a white marble altar of Elyvilon.
   152 | D        | Found a blossoming altar of Fedhas.
   152 | D        | Found an opulent altar of Gozag.
   153 | D        | Found a hazy altar of Hepliaklqana.
   154 | D        | Found a viscous altar of Jiyva.
   155 | D        | Found an ancient bone altar of Kikubaaqudgha.
   156 | D        | Found a corrupted altar of Lugonu.
   157 | D        | Found a burning altar of Makhleb.
   158 | D        | Found a sparkling altar of Nemelex Xobeh.
   159 | D        | Found an iron altar of Okawaru.
   160 | D        | Found a stormy altar of Qazlal.
   161 | D        | Found a sacrificial altar of Ru.
   162 | D        | Found a shimmering blue altar of Sif Muna.
   163 | D        | Found a bloodstained altar of Trog.
   164 | D        | Found a hide-covered altar of Uskayaw.
   165 | D        | Found a radiant altar of Vehumet.
   166 | D        | Found an ornate altar of the Wu Jian Council.
   167 | D        | Found a shimmering altar of Xom.
   168 | D        | Found a basalt altar of Yredelemnul.
   169 | D        | Found a glowing silver altar of Zin.
   170 | D        | Found a glowing golden altar of the Shining One.
   171 | D        | Became a worshipper of Trog the Wrathful
   292 | D        | Noticed a yak
   292 | D        | Noticed a yak
   293 | D        | Reached skill level 5 in Dodging
   299 | D        | Killed a yak
   299 | D        | Reached skill level 5 in Fighting
   299 | D        | Reached skill level 5 in Maces & Flails
   299 | D        | Reached skill level 5 in Shields
   299 | D        | Reached XP level 5. HP: 36/59 MP: 4/4
   307 | D        | Killed a yak
   307 | D        | Reached * piety under Trog
   307 | D        | Reached skill level 6 in Maces & Flails
   307 | D        | Reached XP level 6. HP: 14/68 MP: 5/5
   312 | D        | Reached ** piety under Trog
   389 | D        | Noticed a kobold demonologist
   389 | D        | Noticed a cyclops
   389 | D        | Noticed an ice beast
   394 | D        | Killed an ice beast
   394 | D        | Reached XP level 7. HP: 76/76 MP: 6/6
   402 | D        | Reached skill level 7 in Maces & Flails
   410 | D        | Noticed an orange demon
   412 | D        | Killed a cyclops
   412 | D        | Reached *** piety under Trog
   412 | D        | Reached skill level 8 in Maces & Flails
   419 | D        | Killed a kobold demonologist
   419 | D        | Reached skill level 9 in Maces & Flails
   419 | D        | Reached skill level 1 in Stealth
   419 | D        | Reached XP level 8. HP: 87/88 MP: 7/7
   420 | D        | Reached **** piety under Trog
   551 | D        | Noticed a komodo dragon
   551 | D        | Noticed a cane toad
   552 | D        | Noticed a blink frog
   559 | D        | Reached skill level 10 in Maces & Flails
   569 | D        | Killed a cane toad
   569 | D        | Noticed a blink frog
   583 | D        | Killed a komodo dragon
   583 | D        | Reached ***** piety under Trog
   583 | D        | Reached skill level 11 in Maces & Flails
   583 | D        | Reached XP level 9. HP: 14/98 MP: 8/8
   803 | D        | Noticed a cane toad
   803 | D        | Noticed a black mamba
   803 | D        | Noticed a komodo dragon
   806 | D        | Killed a komodo dragon
   806 | D        | Reached skill level 12 in Maces & Flails
   808 | D        | Received a gift from Trog
   817 | D        | Killed a black mamba
   833 | D        | Killed a cane toad
   837 | D        | Reached XP level 10. HP: 45/110 MP: 9/9
   837 | D        | Reached skill level 10 in Fighting
   945 | D        | Noticed a lindwurm
   945 | D        | Noticed a lindwurm
   955 | D        | Reached ****** piety under Trog
   955 | D        | Reached skill level 13 in Maces & Flails
   958 | D        | Noticed a lindwurm
   960 | D        | Killed a lindwurm
   960 | D        | Received a gift from Trog
   963 | D        | Killed a lindwurm
   972 | D        | Killed a lindwurm
   972 | D        | Reached skill level 10 in Shields
  1145 | D        | Received a gift from Trog
  1201 | D        | Noticed an orc knight
  1201 | D        | Noticed an orc knight
  1210 | D        | Killed an orc knight
  1210 | D        | Received a gift from Trog
  1210 | D        | Reached skill level 14 in Maces & Flails
  1210 | D        | Reached skill level 10 in Dodging
  1224 | D        | Killed an orc knight
  1234 | D        | Noticed an orc knight
  1243 | D        | Received a gift from Trog
  1253 | D        | Reached XP level 11. HP: 96/120 MP: 3/10
  1263 | D        | Killed an orc knight
  1332 | D        | Found Tuwekot's General Store.
  1332 | D        | Noticed a two-headed ogre
  1332 | D        | Noticed an ogre mage
  1332 | D        | Noticed a two-headed ogre
  1335 | D        | Noticed a two-headed ogre
  1344 | D        | Killed an ogre mage
  1344 | D        | Reached skill level 15 in Maces & Flails
  1345 | D        | Found Titeocin's Gadget Shop.
  1352 | D        | Killed a two-headed ogre
  1352 | D        | Received a gift from Trog
  1356 | D        | Found Cezor's Jewellery Boutique.
  1359 | D        | Killed a two-headed ogre
  1363 | D        | Killed a two-headed ogre
  1364 | D        | Found Sigherett's Distillery.
  1364 | D        | Noticed an ogre mage
  1365 | D        | Noticed a two-headed ogre
  1367 | D        | Noticed a two-headed ogre
  1371 | D        | Killed an ogre mage
  1373 | D        | Killed a two-headed ogre
  1374 | D        | Killed a two-headed ogre
  1438 | D        | Bought a condenser vane (2/2) for 260 gold pieces
  1440 | D        | Bought a potion of heal wounds for 55 gold pieces
  1440 | D        | Bought a potion of heal wounds for 55 gold pieces
  1440 | D        | Bought a scroll of enchant armour for 82 gold pieces
  1440 | D        | Bought 3 scrolls of identify for 66 gold pieces
  1440 | D        | Bought a potion of might for 44 gold pieces
  1444 | D        | Bought an uncursed amulet of reflection for 360 gold pieces
  1444 | D        | Bought a +4 ring of slaying for 936 gold pieces
  1483 | D        | Noticed Maurice
  1492 | D        | Killed Maurice
  1492 | D        | Received a gift from Trog
  1492 | D        | Reached skill level 1 in Throwing
  1519 | D        | Noticed Sonja
  1547 | D        | Killed Sonja
  1547 | D        | Reached skill level 16 in Maces & Flails
  1615 | D        | Noticed Eustachio
  1616 | D        | Noticed Erica
  1622 | D        | Killed Erica
  1626 | D        | Noticed Harold
  1636 | D        | Killed Harold
  1645 | D        | Killed Eustachio
  1738 | D        | Gained mutation: You are dopey. (Int -2) [potion of
                  | mutation]
  1738 | D        | Gained mutation: You have sharp toenails. [potion of
                  | mutation]
  1738 | D        | Gained mutation: Your body sometimes deteriorates upon
                  | taking damage. [potion of mutation]
  1738 | D        | Gained mutation: You expend magic power (3 MP) to
                  | strengthen your wands. [potion of mutation]
  1750 | D        | Noticed a wizard
  1754 | D        | Received a gift from Trog
  1755 | D        | Killed a wizard
  1756 | D        | Reached XP level 12. HP: 136/136 MP: 3/11
  1935 | D        | Noticed a stone giant
  1936 | D        | Noticed a vampire knight
  1938 | D        | Noticed a stone giant
  1939 | D        | Noticed a brown very ugly thing
  1942 | D        | Noticed a fire dragon
  1943 | D        | Killed a stone giant
  1943 | D        | Noticed an ogre mage
  1949 | D        | Killed a vampire knight
  1949 | D        | Received a gift from Trog
  1957 | D        | Killed a stone giant
  1957 | D        | Reached skill level 1 in Armour
  1960 | D        | Killed a brown very ugly thing
  1970 | D        | Killed a fire dragon
  1972 | D        | Killed an ogre mage
  1972 | D        | Reached skill level 1 in Evocations
  2121 | D        | Noticed Urug
  2129 | D        | Killed Urug
  2129 | D        | Reached skill level 17 in Maces & Flails
  2218 | D        | Received a gift from Trog
  2285 | D        | Noticed an emperor scorpion
  2285 | D        | Noticed a spark wasp
  2292 | D        | Killed a spark wasp
  2292 | D        | Received a gift from Trog
  2304 | D        | Killed an emperor scorpion
  2304 | D        | Reached skill level 5 in Throwing
  2304 | D        | Reached XP level 13. HP: 99/148 MP: 12/12
  2309 | D        | Received a gift from Trog
  2329 | D        | Noticed a thorn hunter
  2339 | D        | Noticed a thorn hunter
  2347 | D        | Killed a thorn hunter
  2347 | D        | Received a gift from Trog
  2357 | D        | Killed a thorn hunter
  2357 | D        | Reached skill level 15 in Fighting
  2608 | D        | Received a gift from Trog
  2608 | D        | Reached skill level 5 in Armour
  2710 | D        | Noticed Snorg
  2721 | D        | Killed Snorg
  2806 | D        | Noticed an ettin
  2806 | D        | Noticed a fire dragon
  2810 | D        | Reached skill level 18 in Maces & Flails
  2816 | D        | Received a gift from Trog
  2816 | D        | Killed an ettin
  2816 | D        | Reached skill level 10 in Throwing
  2817 | D        | Killed a fire dragon
  2818 | D        | Killed from afar by an ice dragon

Illustrated notes

Levels and vault maps discovered:
D:        linesprint [early_d, line_temple, items_1, d_10, items_2, lair_1,
          lair_end, items_3, orc_1, orc_end, items_4, d_15, swamp_1, shoals_1,
          snake_1, spider_1, d_20, vaults_1, items_5, swamp_end, shoals_end,
          snake_end, spider_end, vaults_end, d_27, items_6, zot_1, zot_end,
          crypt_end, forest_end, elf_end, slime_end, tomb_end, abyss_end,
          pan_hell_end]

Skill      XL: |  1  2  3  4  5  6  7  8  9 10 11 12 13 |
---------------+----------------------------------------+-----
Maces & Flails | 2 3 5 6 9 11 12 14 16 17 18 | 18.1
Fighting       | 3 4 5 6 8 9 11 13 14 15 | 15.5
Dodging        | 3 4 6 7 8 9 10 11 12 | 12.1
Shields        | 3 4 5 6 7 8 9 10 11 13 14 | 14.0
Stealth        | 1 3 |  3.8
Throwing       | 1 5 10 | 10.4
Armour         | 3 6 |  6.4
Evocations     | 2 3 |  3.5

Action                   |  1- 3 |  4- 6 |  7- 9 | 10-12 | 13-15 || total
-------------------------+-------+-------+-------+-------+-------++-------
Melee: Flail             |    29 |     1 |       |       |       ||    30
       Morningstar       |       |    24 |   101 |    54 |       ||   179
       Demon whip        |       |       |       |   118 |    30 ||   148
       Kick              |       |       |       |    23 |    15 ||    38
       Eveningstar       |       |       |       |    26 |       ||    26
Throw: Large rock        |       |       |     1 |     8 |    11 ||    20
       Javelin           |       |       |       |    11 |    17 ||    28
       Dart              |       |       |       |     2 |       ||     2
Invok: Berserk           |       |     1 |     3 |     5 |       ||     9
       Brothers in Arms  |       |       |     1 |     1 |       ||     2
Evoke: Condenser vane    |       |       |       |     5 |     3 ||     8
  Use: Potion            |     1 |     1 |       |     1 |       ||     3
       Scroll            |       |       |       |     1 |       ||     1
 Stab: Confused          |       |       |       |     2 |       ||     2
Armor: Robe              |     9 |     4 |    17 |     8 |       ||    38
       Shadow dragon sca |       |       |       |    11 |     6 ||    17
Dodge: Dodged            |    14 |    10 |    36 |    40 |    11 ||   111
Block: Kite shield       |    20 |     8 |    53 |    74 |    19 ||   174
       Reflection        |       |       |       |     6 |     1 ||     7

Table legend: (Time is in decaauts)
 A = Elapsed time spent in this place.
 B = Non-inter-level travel time spent in this place.
 C = Inter-level travel time spent in this place.
 D = Time resting spent in this place.
 E = Time spent auto-exploring this place.
 F = Levels seen in this place.
 G = Mean time per level.
                   A        B        C        D        E       F      G
               +--------+--------+--------+--------+--------+-----+--------+
         Total |   2831 |   2831 |      0 |   1144 |    370 |   1 | 2831.0 |
       Dungeon |   2831 |   2831 |      0 |   1144 |    370 |   1 | 2831.0 |
               +--------+--------+--------+--------+--------+-----+--------+

Top non-repeatable levels by time:
       D: 2831 daAuts
